 Dungeon Crawl Stone Soup version 0.25-a0-253-g6f1b5d974a (webtiles) character file.

Game seed: 17883855274961538216, levelgen mode: classic

106 Borgoz the Slasher (level 4, -4/38 HPs)
             Began as a Hill Orc Gladiator on Dec 5, 2019.
             Was an Initiate of Ashenzari.
             Slain by a gnoll
             ... wielding a +0 spear
              (5 damage)
             ... on level 3 of the Dungeon.
             The game lasted 00:02:33 (1643 turns).

Borgoz the Slasher (Hill Orc Gladiator)             Turns: 1643, Time: 00:02:34

Health: -4/38      AC:  4    Str: 17    XL:     4   Next: 84%
Magic:  4/4        EV: 12    Int:  8    God:    Ashenzari [......]
Gold:   145        SH:  0    Dex: 12    Spells: 3/3 levels left

rFire    . . .     SeeInvis .   a - +0 long sword
rCold    . . .     Gourm    .   (no shield)
rNeg     . . .     Faith    .   b - +0 leather armour
rPois    .         Spirit   .   c - +0 helmet
rElec    .         Reflect  .   (no cloak)
rCorr    .         Harm     .   (no gloves)
MR       .....                  (no boots)
Stlth    +.........             (no amulet)
HPRegen  0.12/turn              (no ring)
MPRegen  0.09/turn              (no ring)

@: no status effects
A: no striking features
a: Curse Item, Renounce Religion


You were on level 3 of the Dungeon.
You worshipped Ashenzari.
Ashenzari was noncommittal.
You were not hungry.

You visited 1 branch of the dungeon, and saw 3 of its levels.

You collected 145 gold pieces.

Inventory:

Hand Weapons
 a - a +0 long sword (weapon)
Missiles
 d - 3 throwing nets (quivered)
Armour
 b - a +0 leather armour (worn)
 c - a +0 helmet (worn)
Wands
 g - a wand of flame (18)
Scrolls
 e - a scroll of identify {unknown}
 h - a scroll of fear {unknown}
 j - 2 scrolls of teleportation {unknown}
 m - a scroll of noise {unknown}
Potions
 i - a potion of berserk rage {unknown}
 k - a potion of brilliance {unknown}
 l - a potion of degeneration {unknown}
 n - a potion of curing {unknown}
Comestibles
 f - 5 rations


   Skills:
 + Level 3.1 Fighting
 * Level 4.4 Long Blades
 - Level 1.7 Throwing
 * Level 2.5 Armour
 + Level 2.8 Dodging


You had 3 spell levels left.
You didn't know any spells.
Your spell library was empty.

Dungeon Overview and Level Annotations

Branches:
Dungeon (3/15)

Altars:
Ashenzari
Cheibriados
Dithmenos
Hepliaklqana


Message History

The gnoll misses you.
You slash the gnoll!
You kill the gnoll!
The gnoll barely misses you. The hobgoblin misses you.
You barely miss the hobgoblin.
The gnoll hits you from afar with a +0 spear.
* * * LOW HITPOINT WARNING * * *
The hobgoblin hits you with a +0 club.
* * * LOW HITPOINT WARNING * * *
You hit the hobgoblin.
The hobgoblin is severely wounded.
The gnoll misses you. The hobgoblin hits you with a +0 club.
* * * LOW HITPOINT WARNING * * *
The gnoll hits you from afar with a +0 spear.
* * * LOW HITPOINT WARNING * * *
You closely miss the hobgoblin.
The hobgoblin is heavily wounded.
The hobgoblin hits you but does no damage.
The gnoll hits you from afar with a +0 spear.
You die...

.....†.#
..#....#######
..#..........#########
..............>.......
..#..........#.####..
..####.......#.# ..#
#########.# .# ..#
#.####...# ..########
#..@gg...# ..........
#.###....# ..........
...# #.##
........#....#.# %.
..÷<............ .
.###..#..#.. ..#
.#<...# #. ...#
.....## ## #.. .....#


You could see a gnoll and a hobgoblin.

Vanquished Creatures
  3 gnolls (D:3)
  2 adders (D:3)
  A worm (D:2)
  A dart slug (D:1)
  A leopard gecko (D:2)
  An orc (D:3)
  6 giant cockroaches
  4 hobgoblins
  13 jackals
  A ball python (D:2)
  4 bats
  A frilled lizard (D:1)
  5 goblins
  5 kobolds
48 creatures vanquished.

Notes
Turn   | Place    | Note
-------+----------+-------------------------------------------
     0 | D:1      | Borgoz the Hill Orc Gladiator began the quest for the Orb.
     0 | D:1      | Reached XP level 1. HP: 18/18 MP: 1/1
    61 | D:1      | Reached XP level 2. HP: 24/25 MP: 2/2
    69 | D:1      | Reached skill level 1 in Armour
   131 | D:1      | You fall into a shaft and drop 1 floor!
   482 | D:1      | Reached XP level 3. HP: 30/30 MP: 3/3
   605 | D:2      | Found a shadowy altar of Dithmenos.
   617 | D:2      | Found a shattered altar of Ashenzari.
   630 | D:2      | Became a worshipper of Ashenzari the Shackled
   645 | D:2      | Found a hazy altar of Hepliaklqana.
   690 | D:2      | Found a snail-covered altar of Cheibriados.
   976 | D:2      | Reached skill level 4 in Long Blades
  1292 | D:3      | Reached XP level 4. HP: 28/38 MP: 4/4
  1642 | D:3      | HP: 1/38 [gnoll/+0 spear (4)]
  1643 | D:3      | Slain by a gnoll

Levels and vault maps discovered:
D:1:      ebering_trefoil_3fold, layout_rooms
D:2:      layout_loops_ring, ashenzari_altar_1, old_standard_altar,
          old_standard_altar, grunt_dithmenos_smoke_and_mirrors,
          columned_hall_lemuel, wander_ebering_terrifying_dragon_lair
D:3:      layout_basic, bloody_trog, chequers_ecumenical_altar_lobes,
          serial_bayou_ford_a, minmay_circle_x

Skill      XL: |  1  2  3 |
---------------+----------+-----
Armour         | 1 2 |  2.5
Long Blades    | 4 |  4.4
Fighting       | 3 |  3.1
Throwing       | |  1.7
Dodging        | |  2.8

Action                   |  1- 3 |  4- 6 || total
-------------------------+-------+-------++-------
Melee: Long sword        |   123 |    31 ||   154
  Use: Potion            |       |     2 ||     2
  Eat: Chunk             |     1 |     2 ||     3
Armor: Leather armour    |    62 |     6 ||    68
Dodge: Dodged            |   119 |    37 ||   156
       Rpst.: Long sword |    34 |     9 ||    43

Table legend:
 A = Non-vault XP
 B = Vault XP
 C = Vault XP percentage of total XP
 D = Non-vault monster count
 E = Vault monster count
 F = Vault count percentage of total count
                 A         B        C        D         E       F
            +---------+---------+-------+---------+---------+-------
      Total |     149 |       3 |   2.0 |      47 |       1 |   2.1
            +---------+---------+-------+---------+---------+-------
        D:1 |      36 |       0 |   0.0 |      20 |       0 |   0.0
        D:2 |      38 |       3 |   7.3 |      19 |       1 |   5.0
        D:3 |      75 |       0 |   0.0 |       8 |       0 |   0.0
            +---------+---------+-------+---------+---------+-------
